AoeStats
← eleven

Black Forest

509018879Analyzed
4v4 RM · 6d ago on Sep 25, 2026· 63m 17s· 8 players
Game mode
Random Map
Map size
Large (8 player)
Population
200
Speed
Normal
Resources
Standard
Victory
Conquest
Starting age
Dark Age
Ending age
Imperial Age
RankedLock teamsTeams togetherTeam positionsShared explorationLock speedFull tech treeHidden civsTurbo modeCheats
Victory
Defeat
🇺🇸 Khmer · United States
873
+14
🇨🇳 Bohemians · China
863
+14
🇨🇳 Persians · China
861
+15
🇦🇺 Britons · Australia
828
+16
🇱🇻 Bulgarians · Latvia
861
-16
🇺🇸 Britons · United States
839
-15
🇦🇹 Huns · Austria
809
-14
🇨🇦 Danes · Canada
806
-14
b_r_e_tt_y
0:42 Loom
13:06 Feudal Age
14:32 Double-Bit Axe
18:40 Wheelbarrow
18:35 Horse Collar
22:07 Castle Age
20:17 Gold Mining
22:03 Stone Mining
22:35 Fletching
23:51 Bow Saw
24:59 Heavy Plow
25:40 Hand Cart
30:51 Gold Shaft Mining
30:10 Treadmill Crane
30:19 Town Watch
32:28 Town Patrol
38:36 Imperial Age
37:04 Yeomen
38:19 Bodkin Arrow
38:24 Padded Archer Armor
38:46 Ballistics
38:23 Murder Holes
38:39 Masonry
38:24 Arson
38:40 Squires
40:02 Conscription
39:03 Elite Longbowman
40:17 Bracer
40:33 Leather Archer Armor
41:12 Pikeman
43:06 Halberdier
44:32 Hoardings
45:03 Chemistry
44:11 Siege Engineers
44:36 Architecture
43:54 Arrowslits
44:44 Ring Archer Armor
44:15 Scale Mail Armor
44:25 Forging
46:45 Chain Mail Armor
49:53 Fortified Wall
49:36 Guard Tower
51:33 Caravan
52:04 Coinage
51:48 Guilds
51:28 Onager
53:31 Plate Mail Armor
53:37 Iron Casting
54:18 Two-Man Saw
53:26 Warwolf
54:09 Keep
53:26 Heated Shot
58:02 Husbandry
57:34 Light Cavalry
59:04 Scale Barding Armor
60:41 Chain Barding Armor
61:21 Blast Furnace
An
11:38 Feudal Age
16:59 Castle Age
15:29 Double-Bit Axe
15:49 Stone Mining
16:07 Gold Mining
17:30 Loom
25:26 Horse Collar
26:23 Bow Saw
31:54 Imperial Age
30:24 Forging
30:20 Scale Barding Armor
31:31 Wheelbarrow
31:36 Gold Shaft Mining
32:24 Hand Cart
32:44 Caravan
33:14 Coinage
32:56 Guilds
34:28 Iron Casting
34:18 Chain Barding Armor
34:17 Elite War Elephant
51:44 Elite Skirmisher
54:01 Onager
seven^^
5:15 Loom
12:43 Feudal Age
17:45 Castle Age
16:37 Double-Bit Axe
30:37 Sanctity
30:28 Fervor
36:44 Imperial Age
34:29 Bow Saw
35:40 Horse Collar
37:56 Chemistry
37:00 Caravan
39:55 Houfnice
41:55 Two-Man Saw
41:34 Murder Holes
42:54 Pikeman
43:47 Forging
43:38 Scale Mail Armor
43:51 Heavy Plow
44:29 Wheelbarrow
46:55 Siege Engineers
47:00 Fortified Wall
48:54 Halberdier
49:35 Squires
49:20 Arson
50:30 Iron Casting
50:11 Chain Mail Armor
53:06 Blast Furnace
52:37 Plate Mail Armor
57:44 Wagenburg Tactics
eleven
10:44 Feudal Age
12:00 Wheelbarrow
11:15 Double-Bit Axe
15:52 Castle Age
15:10 Horse Collar
16:48 Hand Cart
26:19 Gold Mining
26:20 Stone Mining
27:41 Bow Saw
30:40 Gold Shaft Mining
29:56 Stone Mining
30:08 Stone Mining
32:05 Stone Shaft Mining
31:33 Heavy Plow
35:58 Imperial Age
33:58 Scale Barding Armor
33:53 Scale Mail Armor
34:17 Ballistics
33:46 Arson
35:33 Husbandry
36:25 Caravan
36:56 Coinage
35:56 Light Cavalry
36:49 Forging
36:52 Masonry
36:52 Fortified Wall
37:00 Chain Mail Armor
38:07 Banking
37:49 Siege Engineers
38:10 Conscription
38:47 Crop Rotation
39:09 Chain Barding Armor
39:51 Chemistry
39:23 Architecture
38:36 Pikeman
38:40 Heavy Scorpion
39:34 Bloodlines
40:49 Plate Barding Armor
40:49 Iron Casting
40:37 Double Crossbow
40:39 Capped Ram
42:43 Halberdier
44:34 Hussar
44:36 Onager
Seventh L3tter
0:28 Loom
13:31 Feudal Age
16:17 Double-Bit Axe
17:50 Gold Mining
17:45 Horse Collar
20:12 Castle Age
18:41 Stone Mining
25:34 Bow Saw
25:34 Heavy Plow
32:44 Imperial Age
31:25 Padded Archer Armor
31:16 Fletching
31:52 Ballistics
32:16 Thumb Ring
32:37 Leather Archer Armor
32:28 Elite Skirmisher
33:16 Bodkin Arrow
33:43 Scale Mail Armor
33:45 Bracer
34:58 Chemistry
37:14 Ring Archer Armor
38:44 Forging
42:42 Iron Casting
47:37 Blast Furnace
46:53 Chain Mail Armor
48:25 Plate Mail Armor
48:44 Gambesons
49:00 Squires
48:46 Arson
49:18 Pikeman
50:28 Murder Holes
50:58 Halberdier
58:15 Wheelbarrow
59:08 Hamask
59:12 Elite Jomsviking
kevinfz101006xr
10:41 Feudal Age
12:32 Wheelbarrow
17:15 Castle Age
15:27 Double-Bit Axe
16:05 Horse Collar
24:37 Stone Mining
26:03 Heavy Plow
26:17 Bow Saw
26:35 Hand Cart
27:24 Caravan
31:37 Imperial Age
30:30 Fletching
30:41 Padded Archer Armor
30:45 Scale Mail Armor
30:56 Forging
31:09 Ballistics
30:56 Gold Mining
34:15 Gold Shaft Mining
35:00 Two-Man Saw
34:26 Leather Archer Armor
34:07 Bodkin Arrow
34:29 Chain Mail Armor
34:49 Iron Casting
34:40 Yeomen
33:41 Elite Longbowman
34:43 Conscription
34:23 Pikeman
34:48 Arson
35:04 Squires
34:49 Gambesons
35:03 Loom
35:04 Town Watch
35:54 Ring Archer Armor
35:24 Bracer
35:58 Plate Mail Armor
36:42 Blast Furnace
35:18 Halberdier
38:32 Herbal Medicine
39:12 Theocracy
38:53 Block Printing
39:03 Illumination
38:39 Devotion
38:59 Sanctity
38:50 Fervor
42:28 Warwolf
44:53 Faith
53:16 Caravan
c190
0:28 Loom
13:30 Feudal Age
19:54 Castle Age
19:00 Double-Bit Axe
25:56 Scale Barding Armor
26:02 Forging
28:17 Wheelbarrow
28:50 Stirrups
29:47 Bow Saw
29:21 Horse Collar
29:47 Gold Mining
30:32 Stone Mining
30:55 Heavy Plow
32:31 Gold Shaft Mining
32:36 Stone Shaft Mining
35:57 Imperial Age
34:10 Hand Cart
34:44 Chain Barding Armor
35:00 Iron Casting
35:28 Caravan
36:18 Padded Archer Armor
36:08 Fletching
37:38 Crop Rotation
37:48 Plate Barding Armor
38:18 Blast Furnace
38:03 Elite Skirmisher
38:26 Elite Konnik
38:36 Capped Ram
39:42 Siege Ram
43:42 Onager
45:46 Leather Archer Armor
45:27 Bodkin Arrow
46:43 Chemistry
46:04 Ballistics
45:50 Siege Engineers
45:41 Murder Holes
45:57 Masonry
45:38 Heated Shot
47:07 Siege Onager
53:57 Bracer
56:48 Gambesons
62:25 Bagains
Law
6:54 Loom
11:53 Feudal Age
13:57 Double-Bit Axe
15:23 Horse Collar
15:29 Horse Collar
16:59 Wheelbarrow
20:22 Castle Age
18:51 Gold Mining
18:57 Arson
19:11 Stone Mining
22:03 Bow Saw
21:55 Heavy Plow
24:08 Gold Shaft Mining
24:43 Husbandry
26:10 Scale Mail Armor
26:15 Scale Barding Armor
29:06 Hand Cart
32:40 Imperial Age
30:42 Hand Cart
34:01 Chain Barding Armor
33:56 Chain Mail Armor
33:05 Cavalier
33:23 Pikeman
34:05 Squires
34:42 Caravan
35:14 Coinage
34:56 Guilds
36:10 Paladin
37:46 Plate Barding Armor
38:25 Banking
38:12 Halberdier
40:10 Two-Man Saw
39:52 Elite Tarkan
40:34 Marauders
40:05 Sappers
42:43 Town Watch
45:35 Padded Archer Armor
45:25 Fletching
45:45 Forging
45:11 Light Cavalry
46:01 Bloodlines
Connection lost

Rejoining the realm…

Still unreachable

The connection could not be restored.

Session expired

The server has moved on; the page needs a fresh start.